 Dungeon Sprint DCSS version 0.22.1-2-g9c5b331 (webtiles) character file.

1152 diana the Carver (level 8, 0/64 HPs)
             Began as a Demonspawn Gladiator on Nov 28, 2018.
             Was a Follower of Ru.
             Succumbed to a water moccasin's poison
             ... in the Dungeon (Sprint IX: "|||||||||||||||||||||||||||||").
             The game lasted 00:03:13 (751 turns).

diana the Carver (Demonspawn Gladiator)              Turns: 751, Time: 00:03:13

Health: 0/64       AC: 16    Str: 19    XL:     8   Next: 16%
Magic:  8/8        EV:  9    Int: 12    God:    Ru [*.....]
Gold:   12         SH:  0    Dex: 16    Spells: 7/7 levels left

rFire    . . .     SeeInvis .   a - +0 long sword
rCold    . . .     Gourm    .   (no shield)
rNeg     . . .     Faith    .   r - +1 chain mail
rPois    .         Spirit   .   c - +0 helmet
rElec    .         Reflect  .   (no cloak)
rCorr    .         Harm     .   p - +0 pair of gloves
MR       .....     NoTele   +   (no boots)
Stlth    ..........             (no amulet)
HPRegen  0.20/turn              t - +3 ring of strength
MPRegen  0.11/turn              s - +3 ring of intelligence

@: lethally poisoned (0 -> -9)
A: hooves 1, icy blue scales 2, powered by pain 1, inability to drink while
threatened
a: Renounce Religion


You were in the Dungeon.
You worshipped Ru.
Ru was aware of your devotion.
You were not hungry.

You visited 1 branch You collected 12 gold pieces.

Inventory:

Hand Weapons
 a - a +0 long sword (weapon)
Missiles
 d - 3 throwing nets (quivered)
Armour
 c - a +0 helmet (worn)
 p - a +0 pair of gloves (worn)
 r - a +1 chain mail (worn)
Jewellery
 s - a +3 ring of intelligence (right hand)
 t - a +3 ring of strength (left hand)
Wands
 o - a wand of iceblast (10)
Scrolls
 k - 2 scrolls of blinking
 m - 5 scrolls of remove curse
 n - 2 scrolls of amnesia
 u - a scroll of enchant armour
 v - a scroll of identify
 w - 4 scrolls of enchant weapon
Potions
 b - a potion of agility
 e - 5 potions of curing
 g - 3 potions of heal wounds
 h - 2 potions of haste
 i - 4 potions of magic
 j - a potion of might
 l - a potion of invisibility
 q - a potion of berserk rage
Comestibles
 f - a ration


   Skills:
 + Level 6.1 Fighting
 * Level 14.1 Long Blades
 - Level 1.7 Throwing
 + Level 5.7 Armour
 - Level 2.6 Dodging


You had 7 spell levels left.
You didn't know any spells.
Your spell library was empty.

Dungeon Overview and Level Annotations

Branches:
Dungeon (1/1)

Altars:
Cheibriados
Dithmenos
Elyvilon
Fedhas
Gozag
Hepliaklqana
Kikubaaqudgha
Makhleb
Nemelex Xobeh
Okawaru
Qazlal
Ru
Sif Muna
Trog
Uskayaw
Vehumet
Wu Jian
Xom
Yredelemnul
Zin
The Shining One
Beogh
Jiyva
Lugonu


Innate Abilities, Weirdness & Mutations

You have large cloven feet.
You are mostly covered in icy blue scales. (AC +3)
You sometimes gain a little power by taking damage.
You cannot drink potions while threatened.


Message History

You can drink potions again.
The water moccasin bites you!
You feel threatened and lose the ability to drink potions!
* * * LOW HITPOINT WARNING * * *
You cannot drink potions in your current state!
Okay, then.
The water moccasin bites you.
* * * LOW HITPOINT WARNING * * *
You are lethally poisoned!
The water moccasin poisons you!
* * * LOW HITPOINT WARNING * * *
You feel sick.
* * * LOW HITPOINT WARNING * * *
You feel sick. The water moccasin barely misses you.
You riposte.
You closely miss the water moccasin. You kick the water moccasin.
The water moccasin is lightly wounded.
* * * LOW HITPOINT WARNING * * *
You feel sick.
You can drink potions again.
You die...

▓.▓.▓.▓
▓.▓.▓[▓
▓.▓.▓.▓
▓.▓.▓h▓
▓†▓.▓†▓
▓+▓.▓.▓
▓.▓.▓.▓
▓.▓.▓.▓
▓.▓@▓'▓
▓.▓.▓.▓
▓.▓S▓.▓
▓)▓k▓S▓
▓.▓.▓.▓
▓.▓S▓k▓
▓.▓.▓.▓
▓<▓...▓
▓▓▓▓▓▓▓


You could see a rime drake and 2 water moccasins.

Vanquished Creatures
  An ugly thing (D)
  A basilisk (D)
  A black bear (D)
  A phantom (D)
  A centaur (D)
  A crocodile (D)
  A bullfrog (D)
  A scorpion (D)
  A howler monkey (D)
  A hound (D)
  A worker ant (D)
  An adder (D)
  2 shadow imps (D)
  2 adder zombies (D)
  2 adder skeletons (D)
  An orc (D)
  2 giant cockroaches (D)
  2 kobolds (D)
  A frilled lizard (D)
  A giant cockroach zombie (D)
25 creatures vanquished.

Vanquished Creatures (others)
  A spatial maelstrom (D)
1 creature vanquished.

Grand Total: 26 creatures vanquished

Notes
Turn   | Place    | Note
-------+----------+-------------------------------------------
     0 | D        | diana the Demonspawn Gladiator began the quest for the Orb.
     0 | D        | Reached XP level 1. HP: 16/16 MP: 1/1
     7 | D        | Reached skill level 3 in Long Blades
    11 | D        | Reached skill level 4 in Long Blades
    22 | D        | Noticed a hound
    26 | D        | Gained mutation: You are partially covered in icy blue
                  | scales. (AC +2) [demonic ancestry]
    26 | D        | Reached XP level 2. HP: 19/23 MP: 2/2
    27 | D        | Banished a spatial maelstrom
    38 | D        | Reached skill level 5 in Long Blades
    50 | D        | Reached skill level 6 in Long Blades
    50 | D        | Reached XP level 3. HP: 16/29 MP: 3/3
   188 | D        | Found a roughly hewn altar of Beogh.
   188 | D        | Found a snail-covered altar of Cheibriados.
   188 | D        | Found a shadowy altar of Dithmenos.
   188 | D        | Found a white marble altar of Elyvilon.
   188 | D        | Found a blossoming altar of Fedhas.
   188 | D        | Found an opulent altar of Gozag.
   189 | D        | Found a hazy altar of Hepliaklqana.
   190 | D        | Found a viscous altar of Jiyva.
   191 | D        | Found an ancient bone altar of Kikubaaqudgha.
   192 | D        | Found a corrupted altar of Lugonu.
   193 | D        | Found a burning altar of Makhleb.
   194 | D        | Found a sparkling altar of Nemelex Xobeh.
   195 | D        | Found an iron altar of Okawaru.
   196 | D        | Found a stormy altar of Qazlal.
   197 | D        | Found a sacrificial altar of Ru.
   198 | D        | Found a deep blue altar of Sif Muna.
   199 | D        | Found a bloodstained altar of Trog.
   200 | D        | Found a hide-covered altar of Uskayaw.
   201 | D        | Found a radiant altar of Vehumet.
   202 | D        | Found an ornate altar of the Wu Jian Council.
   203 | D        | Found a shimmering altar of Xom.
   204 | D        | Found a basalt altar of Yredelemnul.
   205 | D        | Became a worshipper of Ru the Awakened
   206 | D        | Found a glowing silver altar of Zin.
   207 | D        | Found a glowing golden altar of the Shining One.
   261 | D        | Noticed a scorpion
   271 | D        | Reached skill level 7 in Long Blades
   271 | D        | Reached skill level 1 in Armour
   280 | D        | Killed a scorpion
   280 | D        | Reached skill level 8 in Long Blades
   280 | D        | Reached XP level 4. HP: 29/35 MP: 4/4
   290 | D        | Reached skill level 9 in Long Blades
   290 | D        | Gained mutation: You are mostly covered in icy blue scales.
                  | (AC +3) [demonic ancestry]
   290 | D        | Reached XP level 5. HP: 35/42 MP: 5/5
   344 | D        | Noticed a green ugly thing
   344 | D        | Noticed a centaur
   344 | D        | Noticed a phantom
   344 | D        | Noticed a black bear
   352 | D        | Killed a black bear
   352 | D        | Reached skill level 10 in Long Blades
   360 | D        | Killed a phantom
   360 | D        | Reached skill level 11 in Long Blades
   360 | D        | Gained mutation: You have large cloven feet. [demonic
                  | ancestry]
   360 | D        | Reached XP level 6. HP: 46/49 MP: 6/6
   372 | D        | Killed a green ugly thing
   372 | D        | Reached skill level 5 in Fighting
   372 | D        | Reached skill level 13 in Long Blades
   372 | D        | Gained mutation: You sometimes gain a little power by
                  | taking damage. [demonic ancestry]
   372 | D        | Reached XP level 7. HP: 37/56 MP: 7/7
   378 | D        | Reached skill level 5 in Armour
   400 | D        | Gained mutation: You cannot drink potions while threatened.
                  | [Ru sacrifice]
   400 | D        | Reached * piety under Ru
   683 | D        | Noticed a rime drake
   683 | D        | Noticed a basilisk
   713 | D        | Killed a basilisk
   713 | D        | Reached skill level 14 in Long Blades
   713 | D        | Reached XP level 8. HP: 18/64 MP: 8/8
   721 | D        | Noticed a hippogriff
   748 | D        | HP: 3/64 [poisoned by a water moccasin]
   750 | D        | HP: 1/64 [poisoned by a water moccasin]
   751 | D        | Succumbed to a water moccasin's poison

Skill      XL: |  1  2  3  4  5  6  7 |
---------------+----------------------+-----
Long Blades    | 4 6 8 9 11 13 14 | 14.1
Fighting       | 3 4 5 6 |  6.1
Armour         | 1 2 3 4 5 |  5.7
Throwing       | |  1.7
Dodging        | |  2.6

Action                   |  1- 3 |  4- 6 |  7- 9 || total
-------------------------+-------+-------+-------++-------
Melee: Long sword        |    59 |    36 |    28 ||   123
       Kick              |       |     5 |    14 ||    19
Invok: Sacrifice Drink   |       |       |     1 ||     1
  Use: Potion            |       |     2 |       ||     2
Armor: Leather armour    |    13 |       |       ||    13
       Chain mail        |     8 |    21 |    20 ||    49
Dodge: Dodged            |    30 |    14 |    12 ||    56
       Rpst.: Long sword |     7 |     4 |     5 ||    16
